 Dungeon Crawl Stone Soup version 0.27-a0-1245-g940ed4fa31 (webtiles) character file.

Game seed: 13916900224203756492

90 deletemesenpai the Chopper (level 4, 0/40 HPs)
             Began as a Hill Orc Fighter on June 9, 2021.
             Succumbed to an adder's poison
             ... on level 2 of the Dungeon.
             The game lasted 00:10:23 (2095 turns).

deletemesenpai the Chopper (Hill Orc Fighter)       Turns: 2095, Time: 00:10:23

Health: 0/40       AC:  7    Str: 18    XL:     4   Next: 56%
Magic:  4/4        EV:  7    Int:  8    God:
Gold:   72         SH:  9    Dex: 11    Spells: 3/3 levels left

rFire    . . .     SeeInvis .   f - +0 hand axe
rCold    . . .     Faith    .   c - +0 kite shield
rNeg     . . .     Spirit   .   b - +0 scale mail
rPois    .         Reflect  .   (no helmet)
rElec    .         Harm     .   (no cloak)
rCorr    .         Rampage  .   (no gloves)
Will     .....                  (no boots)
Stlth    ..........             (no amulet)
HPRegen  0.13/turn              (no ring)
MPRegen  0.09/turn              (no ring)

@: mighty, lethally poisoned (0 -> -1)
A: no striking features
a: no special abilities


You were on level 2 of the Dungeon.
You visited 1 branch of the dungeon, and saw 3 of its levels.

You collected 72 gold pieces.

Inventory:

Hand Weapons
 a - a +0 war axe
 f - a +0 hand axe (weapon)
 i - a +0 hunting sling
Missiles
 e - 11 poisoned darts (quivered)
 j - 40 stones
Armour
 b - a +0 scale mail (worn)
 c - a +0 kite shield (worn)
Scrolls
 h - 3 scrolls of identify {unknown}
Potions
 g - a potion of resistance {unknown}
 k - a potion of flight {unknown}
 l - a potion of haste {unknown}


   Skills:
 + Level 4.0 Fighting
 * Level 4.2 Axes
 * Level 1.0 Throwing
 + Level 3.9 Armour
 + Level 3.8 Shields


You had 3 spell levels left.
You didn't know any spells.
Your spell library was empty.

Dungeon Overview and Level Annotations

Branches:
Dungeon (3/15)

Altars:
Trog

Annotations:
D:3 Robin


Message History

Press: ? - help, Q - select action, (/) - cycle Shift-Dir - straight line, f/p - Robin
Aim: Robin, wielding a +0 dagger, wearing a +0 animal skin and wearing a +0 helmet (lightly wounded, 65% to hit)
You throw a poisoned dart.
The poisoned dart closely misses the bat.
The poisoned dart hits Robin.
Robin is lightly wounded.
You block the bat's attack.
Throw: 12 darts (poison)
Press: ? - help, Q - select action, (/) - cycle Shift-Dir - straight line, f/p - Robin
Aim: Robin, wielding a +0 dagger, wearing a +0 animal skin and wearing a +0 helmet (lightly wounded, 65% to hit)
You throw a poisoned dart. The poisoned dart misses the adder.
The poisoned dart barely misses Robin.
The bat hits you but does no damage. The bat completely misses you.
The adder bites you.
You are poisoned.
The adder poisons you! You block the bat's attack.
You completely miss the bat. You closely miss the adder.
You feel sick. You block the bat's attack. The bat barely misses you.
The adder bites you but does no damage. The adder bites you.
* * * LOW HITPOINT WARNING * * *
You are more poisoned.
The adder poisons you!
You miss the bat. You closely miss the adder.
* * * LOW HITPOINT WARNING * * *
You feel sick. The bat barely misses you. You block the bat's attack.
The adder closely misses you. You block the adder's attack.
You feel very mighty all of a sudden.
You feel sick. You block the bat's attack. You block the adder's attack.
You feel sick.
The bat barely misses you. x2; You block the adder's attack.
Things that are here:
a +0 dagger; a goblin corpse You feel sick.
The bat barely misses you. You block the bat's attack.
The adder completely misses you.
There is a stone staircase leading up here.
You can't go down here!
You feel sick. The bat hits you.
* * * LOW HITPOINT WARNING * * *
You block the bat's attack. The adder bites you but does no damage.
You climb upwards.
You die...

#.#.# #.# #. #######.#.# #.# #.
......#.#.# #.# #.
#####.#.#.##### #.# #.
........#.....# #.# ###.
......####....# #.# #...
##......##....# #.#######.##
##......##....########.##......#
................@......##.######
####.)#.##......S########.#
#..#..#.......# #.#
#..##.######..########.#
#......................#
####.##......##..##########
.............##..#
#######..........# #.......#.##


You could see an adder.

Vanquished Creatures
  2 adders (D:2)
  A worm (D:2)
  4 bats
  An endoplasm (D:2)
  2 giant cockroaches
  17 goblins
  5 hobgoblins
  3 jackals (D:1)
  9 kobolds
  2 quokkas (D:2)
  9 ball pythons
  3 frilled lizards
  3 rats (D:1)
61 creatures vanquished.

Notes
Turn   | Place    | Note
-------+----------+-------------------------------------------
     0 | D:1      | deletemesenpai the Hill Orc Fighter began the quest for the
                  | Orb.
     0 | D:1      | Reached XP level 1. HP: 19/19 MP: 1/1
   192 | D:1      | Reached XP level 2. HP: 19/27 MP: 2/2
   467 | D:1      | Found a faded altar of an unknown god.
   583 | D:1      | Reached XP level 3. HP: 33/33 MP: 3/3
  1211 | D:2      | Reached XP level 4. HP: 12/40 MP: 4/4
  1487 | D:2      | Found a bloodstained altar of Trog.
  1520 | D:2      | Reached skill level 1 in Throwing
  2050 | D:3      | Noticed Robin
  2094 | D:3      | HP: 2/40 [bat (1)]
  2095 | D:2      | Succumbed to an adder's poison

Illustrated notes

Levels and vault maps discovered:
D:1:      minmay_arrival_arboretum_small, layout_rooms, basic_ecumenical_altar
D:2:      layout_basic, basic_altar, minmay_split_cup_large
D:3:      layout_rooms, grunt_temple_overflow_diamond, uniq_purgy, uniq_robin,
          uniq_jessica

Skill      XL: |  1  2  3  4 |
---------------+-------------+-----
Axes           | 3 4 |  4.2
Fighting       | 4 |  4.0
Throwing       | 1 |  1.0
Armour         | |  3.9
Shields        | |  3.8

Action                   |  1- 3 |  4- 6 || total
-------------------------+-------+-------++-------
Melee: War axe           |    37 |       ||    37
       Hand axe          |    74 |    72 ||   146
Throw: Dart              |     2 |    12 ||    14
  Use: Potion            |       |     1 ||     1
Armor: Scale mail        |    62 |    34 ||    96
Dodge: Dodged            |    43 |    31 ||    74
Block: Kite shield       |    81 |    70 ||   151

Table legend: (Time is in decaauts)
 A = Elapsed time spent in this place.
 B = Non-inter-level travel time spent in this place.
 C = Inter-level travel time spent in this place.
 D = Time resting spent in this place.
 E = Time spent auto-exploring this place.
 F = Levels seen in this place.
 G = Mean time per level.
                   A        B        C        D        E       F      G
               +--------+--------+--------+--------+--------+-----+--------+
         Total |   2168 |   2080 |     88 |    570 |    834 |   3 |  722.7 |
       Dungeon |   2168 |   2080 |     88 |    570 |    834 |   3 |  722.7 |
               +--------+--------+--------+--------+--------+-----+--------+

Top non-repeatable levels by time:
     D:2: 1447 daAuts
     D:1: 660 daAuts
     D:3: 60 daAuts
